 Dungeon Crawl Stone Soup version 0.30-a0-509-gd016549fea (webtiles) character file.

Game seed: 15411887472396895558

97 xzight the Firebug (level 4, 0/44 HPs)
             Began as an Ogre Fire Elementalist on Dec 22, 2022.
             Slain by a gnoll
             ... wielding a +0 flail
             ... led by a gnoll bouda
              (7 damage)
             ... on level 3 of the Dungeon.
             The game lasted 00:08:10 (2985 turns).

xzight the Firebug (Ogre Fire Elementalist)         Turns: 2985, Time: 00:08:11

Health: 0/44       AC:  4    Str: 10 (12) XL:     4   Next: 68%
Magic:  3/8        EV:  9    Int: 17 (18) God:
Gold:   133        SH:  0    Dex:  6 (9)  Spells: 6/9 levels left

rFire   x . .      SeeInvis .    k - +1 dagger (venom)
rCold   . . .      Faith    .    (no shield)
rNeg    . . .      Spirit   .    e - +0 robe
rPois   .          Reflect  .    (helmet restricted)
rElec   .          Harm     .    c - +0 cloak
rCorr   .          Rampage  .    (gloves unavailable)
Will    .....                    (boots unavailable)
Stlth   +.........               (no amulet)
HPRegen 0.27/turn                (no ring)
MPRegen 0.11/turn                (no ring)

@: weakened
A: large, unfitting armour, tough skin 1, heat vulnerability 1
a: no special abilities


You were on level 3 of the Dungeon.
You visited 1 branch of the dungeon, and saw 3 of its levels.

You collected 133 gold pieces.


Innate Abilities, Weirdness & Mutations

You are too large for most types of armour.
You have tough skin. (AC +1)
You are vulnerable to heat. (rF-)


   Skills:
 * Level 2.9 Fighting
 - Level 1.7 Dodging
 - Level 1.4 Stealth
 + Level 3.0 Spellcasting
 + Level 1.6 Conjurations
 * Level 3.5 Fire Magic


You had 6 spell levels left.
You knew the following spells:

 Your Spells              Type           Power      Damage    Failure   Level
a - Foxfire               Conj/Fire      44%        2x1d6     6%          1
b - Scorch                Fire           28%        2d6       6%          2

Your spell library contained the following spells:

 Spells                   Type           Power      Damage    Failure   Level
 Magic Dart               Conj           32%        1d4       9%          1
 Call Imp                 Summ           2%         N/A       26%         2
 Inner Flame              Hex/Fire       8%         N/A       26%         3
 Kindle Blastsparks       Fire/Tloc/Air  12%        2d11      32%         3
 Mephitic Cloud           Conj/Pois/Air  4%         N/A       38%         3
 Flame Wave               Conj/Fire      11%        2d6       52%         4

Inventory:

Hand Weapons
 k - a +1 dagger of venom (weapon)
Armour
 c - a +0 cloak (worn)
 e - a +0 robe (worn)
Magical Staves
 m - a staff of poison {!a}
Scrolls
 d - 5 scrolls of teleportation {@r2}
 f - a scroll of fog {unknown}
 h - a scroll of magic mapping {unknown}
 i - a scroll of identify {unknown}
 j - a scroll of acquirement {unknown}
Potions
 a - a potion of mutation

Dungeon Overview and Level Annotations

Branches:
Dungeon (3/15)

Altars:

#.#.#..PP.S...#####.##
#.#.##....g...# #...gg
#.#.#####l.#..###.###g
#.#.#####.###.#....g..
#.....#S.........g####
#.#.#.#g#####.>.......
#.....#l# ##########
#.#.#.#g########
#.#.#@#.........
#.#.#g#.........
#.#.....#....###
#.###.#....#.#
#.#.#..# # #.#.#.##
#.#.### ..... #.#.#


You could see a gnoll (swift).


Message History

The gnoll is moderately wounded.
The gnoll hits you with a +0 flail.
Casting: Foxfire (safe; 6% risk of failure)
Confirm with . or Enter, or press ? or * to list all spells.
You miscast Foxfire.
Nothing appears to happen.
The gnoll hits you with a +0 flail!
Your foxfire dissipates!
The gnoll attacks as you move away! The gnoll closely misses you.
The gnoll attacks as you move away! The gnoll barely misses you.
The gnoll attacks as you move away! The gnoll hits you with a +0 flail!
* * * LOW HITPOINT WARNING * * *
The gnoll attacks as you move away! The gnoll hits you with a +0 flail.
* * * LOW HITPOINT WARNING * * *
Your magical contamination has completely faded away.
The gnoll bouda calls upon its god to heal the gnoll.
The gnoll's wounds heal themselves!
The gnoll bouda barks out a call to the hunt!
The gnolls pick up the pace!
The gnoll bouda gazes fiercely through you!
You feel your attacks grow feeble. The gnoll misses you.
The gnoll bouda gazes fiercely through you!
You feel as though you will be weak longer.
The gnoll hits you with a +0 flail.
* * * LOW HITPOINT WARNING * * *
The gnoll attacks as you move away! The gnoll barely misses you.
The gnoll hits you with a +0 flail!
* * * LOW HITPOINT WARNING * * *
The gnoll attacks as you move away! The gnoll hits you with a +0 flail!
You die...

Skill      XL: |  1  2  3  4 |
---------------+-------------+-----
Conjurations   | 1 |  1.6
Fighting       | 1 2 |  2.9
Fire Magic     | 3 |  3.5
Spellcasting   | 3 |  3.0
Dodging        | |  1.7
Stealth        | |  1.4

Action                   |  1- 3 |  4- 6 || total
-------------------------+-------+-------++-------
Melee: Unarmed           |    15 |       ||    15
 Cast: Foxfire           |    86 |    29 ||   115
       Scorch            |     4 |     9 ||    13
  Use: Potion            |     1 |     5 ||     6
       Scroll            |     1 |       ||     1
Armor: Robe              |    13 |    16 ||    29
Dodge: Dodged            |    17 |    33 ||    50

Levels and vault maps discovered:
D:1:      lightli_arrival_flooded_house, layout_basic, corexii_leaking_fountain
D:2:      layout_basic
D:3:      layout_basic, mainiacjoe_overflow_swirl,
          hangedman_abyss_or_decor_stabs, nicolae_grassy_gnolls

Notes
Turn   | Place    | Note
-------+----------+-------------------------------------------
     0 | D:1      | xzight the Ogre Fire Elementalist began the quest for the
                  | Orb.
     0 | D:1      | Reached XP level 1. HP: 16/16 MP: 3/3
    78 | D:1      | Reached skill level 1 in Conjurations
   261 | D:1      | Reached skill level 1 in Fighting
   359 | D:1      | Reached XP level 2. HP: 27/27 MP: 1/5
   362 | D:1      | Learned a level 2 spell: Scorch
   515 | D:1      | Reached skill level 3 in Fire Magic
   795 | D:1      | Reached XP level 3. HP: 35/35 MP: 2/7
  1095 | D:1      | Reached skill level 2 in Fighting
  1854 | D:2      | Reached XP level 4. HP: 40/44 MP: 0/8
  1878 | D:2      | Reached skill level 3 in Spellcasting
  2673 | D:3      | Gained mutation: You are vulnerable to heat. (rF-) [potion
                  | of mutation]
  2985 | D:3      | Slain by a gnoll

Vanquished Creatures
  2 gnolls
  4 worms (D:2)
  A dart slug (D:2)
  8 endoplasms (D:1)
  2 giant cockroaches (D:1)
  4 goblins
  5 hobgoblins
  6 jackals
  6 kobolds
  4 quokkas
  4 ball pythons (D:1)
  2 bats (D:2)
  3 frilled lizards
  7 rats
58 creatures vanquished.

Vanquished Creatures (collateral kills)
  A foxfire (D:1)
1 creature vanquished.

Vanquished Creatures (others)
  185 foxfires
  7 plants (D:3)
192 creatures vanquished.

Grand Total: 251 creatures vanquished

Table legend: (Time is in decaauts)
 A = Elapsed time spent in this place.
 B = Non-inter-level travel time spent in this place.
 C = Inter-level travel time spent in this place.
 D = Time resting spent in this place.
 E = Time spent auto-exploring this place.
 F = Levels seen in this place.
 G = Mean time per level.
                   A        B        C        D        E       F      G
               +--------+--------+--------+--------+--------+-----+--------+
         Total |   2985 |   2840 |    145 |    333 |   2017 |   3 |  995.0 |
       Dungeon |   2985 |   2840 |    145 |    333 |   2017 |   3 |  995.0 |
               +--------+--------+--------+--------+--------+-----+--------+

Top non-repeatable levels by time:
     D:1: 1553 daAuts
     D:2: 1254 daAuts
     D:3: 177 daAuts

Table legend:
 A = Non-vault XP
 B = Vault XP
 C = Vault XP percentage of total XP
 D = Non-vault monster count
 E = Vault monster count
 F = Vault count percentage of total count
                 A         B        C        D         E       F
            +---------+---------+-------+---------+---------+-------
      Total |     111 |      28 |  20.1 |      56 |       2 |   3.4
            +---------+---------+-------+---------+---------+-------
        D:1 |      54 |       0 |   0.0 |      32 |       0 |   0.0
        D:2 |      53 |      14 |  20.9 |      21 |       1 |   4.5
        D:3 |       4 |      14 |  77.8 |       3 |       1 |  25.0
            +---------+---------+-------+---------+---------+-------
